 Dungeon Crawl Stone Soup version 0.32-a0-791-gfc315c9ecd (webtiles) character file.

Game seed: 510749884068857053

25 Esekla the Sneak (level 3, 26/26 HPs)
             Began as an Octopode Delver on Mar 20, 2024.
             Quit the game on level 5 of the Dungeon.
             The game lasted 00:02:51 (74 turns).

Esekla the Sneak (Octopode Delver)                    Turns: 74, Time: 00:02:52

Health: 26/26      AC:  1    Str: 11    XL:     3   Next: 4%
Magic:  3/3        EV: 12    Int: 14    God:
Gold:   15         SH:  0    Dex: 13    Spells: 3/3 levels left

rFire   . . .        a - +0 falchion
rCold   . . .        (no shield)
rNeg    . . .        (helmet restricted)
rPois   .            (no amulet)
rElec   .            (no ring)
rCorr   .            (no ring)
SInv    .            (no ring)
Will    .....        (no ring)
Stlth   ++++         (no ring)
HPRegen 0.24/turn    (no ring)
MPRegen 0.08/turn    (no ring)
                     (no ring)

%: no passive effects
@: no status effects
A: almost no armour, amphibious, 8 rings, camouflage 1, gelatinous body 1,
(nimble swimmer 1), tentacles
a: no special abilities


You were on level 5 of the Dungeon.
You visited 2 branches of the dungeon, and saw 2 of its levels.

You collected 15 gold pieces.

Inventory:

Hand Weapons
 a - a +0 falchion (weapon)
Wands
 f - a wand of digging (2)
Scrolls
 b - a scroll of fog
Potions
 d - a potion of mutation {unknown}
 e - a potion of haste


   Skills:
 * Level 3.2 Fighting
 + Level 2.0 Long Blades
 * Level 2.2 Dodging
 + Level 7.2 Stealth
 * Level 0.6 Spellcasting


You had 3 spell levels left.
You didn't know any spells.
Your spell library was empty.

Dungeon Overview and Level Annotations

Branches:
Dungeon (5/15)             Temple (1/1) D:5

Altars:
Cheibriados
Elyvilon
Fedhas
Hepliaklqana
Kikubaaqudgha
Nemelex Xobeh
Okawaru
Qazlal
Ru
Sif Muna
Trog
Vehumet
Wu Jian
Xom
Yredelemnul
Zin
The Shining One


Innate Abilities, Weirdness & Mutations

You cannot wear most types of armour.
You are amphibious.
You can wear up to eight rings at the same time.
Your skin changes colour to match your surroundings (Stealth+).
Your rubbery body absorbs attacks. (AC +1, EV +1)
((You are camouflaged when in or above water. (Stealth+)))
You have tentacles for arms and can constrict up to eight enemies at once.


Message History

You see here 15 gold pieces.
You now have 15 gold pieces.
The ogre almost stumbles in trying to escape.
Found 2 stones.
d - a ruby potion
As you read the scroll of revelation, it crumbles to dust.
You feel aware of your surroundings.
You sensed 1 altar.
A hound comes into view.
Found a polished robe.
You hit the iguana. You grab the iguana. You squeeze the iguana.
The iguana is moderately wounded.
You constrict the iguana, but do no damage.
The iguana completely misses you.
You hit the iguana but do no damage.
The iguana is moderately wounded.
You constrict the iguana. The iguana misses you.
You hit the iguana.
The iguana is almost dead.
You constrict the iguana, but do no damage.
The iguana bites you.
The iguana bites you but does no damage.
You slash the iguana!
You kill the iguana!
Your Stealth skill increases to level 7!
You have reached level 2!
You have reached level 3!
Your experience leads to an increase in your attributes!
Increase (S)trength, (I)ntelligence, or (D)exterity?
You feel clever. x2
Found a cyan potion.
Aiming: Dig
Press: ? - help, Shift-Dir - straight line You can't see that place.
The rock shatters into small pieces.
You enter the deep water.
Found 12 gold pieces.
An orc comes into view. It is wielding a +0 club.
You enter the shallow water.
Found a shimmering blue altar of Sif Muna.
Are you sure you want to abandon this character and quit the game? (Confirm with "yes".)

*,,,,,,,,,,,,,*
*,,,,,,,,,,,,,**
*,,,,,,,,,,,,,,#
**************.#*
*,,,...***
*,,....+,* **
*,...###,* *,
####..###≈###### *.
#.@..##≈≈≈≈≈##.###.
#.####≈≈≈≈≈≈≈O#.##.
#.# #≈≈≈....≈≈#.##.
#.###≈~~####.≈##.#.
#.ß.#.ß##.o##≈≈#O#.
#....o.+o.._#≈≈#.#.
##ß.#.ß##.$##≈≈#...
####≈~~####.≈####.
#≈≈≈....≈≈# #.


There were no monsters in sight!

Vanquished Creatures
  An iguana (D:5)
1 creature vanquished.

Notes
Turn   | Place    | Note
-------+----------+-------------------------------------------
     0 | D:5      | Esekla the Octopode Delver began the quest for the Orb.
     0 | D:5      | Reached XP level 1. HP: 16/16 MP: 1/1
     3 | D:5      | Noticed an ogre
     6 | D:5      | Noticed an iguana
     8 | Temple   | Entered the Ecumenical Temple
    22 | D:5      | Noticed a hound
    26 | D:5      | Killed an iguana
    27 | D:5      | Reached skill level 7 in Stealth
    27 | D:5      | Reached XP level 2. HP: 14/21 MP: 2/2
    27 | D:5      | Reached XP level 3. HP: 18/26 MP: 3/3
    63 | D:5      | Found a shimmering blue altar of Sif Muna.
    74 | D:5      | Quit the game

Illustrated notes

Levels and vault maps discovered:
D:5:      layout_basic, kennysheep_orc_sif_temple, minmay_temple_entry_tees,
          uniq_edmund
Temple:   kb_temple_of_zot

Skill      XL: |  1 |
---------------+----+-----
Stealth        | 7 |  7.2
Fighting       | |  3.2
Long Blades    | |  2.0
Dodging        | |  2.2
Spellcasting   | |  0.6

Action                     || total
---------------------------++-------
  Melee: Falchion          ||     4
         Constrict         ||     1
         Tentacles         ||     1
  Evoke: Wand              ||     1
    Use: Scroll            ||     2
 Armour: Skin              ||     2
  Dodge: Dodged            ||     3

Table legend: (Time is in decaauts)
 A = Elapsed time spent in this place.
 B = Non-inter-level travel time spent in this place.
 C = Inter-level travel time spent in this place.
 D = Time resting spent in this place.
 E = Time spent auto-exploring this place.
 F = Levels seen in this place.
 G = Mean time per level.
                   A        B        C        D        E       F      G
               +--------+--------+--------+--------+--------+-----+--------+
         Total |     75 |     75 |      0 |      0 |      0 |   2 |   37.5 |
       Dungeon |     73 |     73 |      0 |      0 |      0 |   1 |   73.0 |
        Temple |      1 |      1 |      0 |      0 |      0 |   1 |    1.0 |
               +--------+--------+--------+--------+--------+-----+--------+

Top non-repeatable levels by time:
     D:5: 73 daAuts
  Temple: 1 daAuts
